 Dungeon Crawl Stone Soup version 0.31-a0-1265-gaa4636e (webtiles) character file.

Game seed: 3042956252231839339

114 lunatic the Caller (level 4, -2/33 HPs)
             Began as a Hill Orc Hedge Wizard on Dec 16, 2023.
             Slain by a gnoll
             ... wielding a +0 spear
              (6 damage)
             ... on level 3 of the Dungeon.
             The game lasted 00:07:14 (2688 turns).

lunatic the Caller (Hill Orc Hedge Wizard)          Turns: 2688, Time: 00:07:14

Health: -2/33      AC:  3    Str: 20    XL:     4   Next: 97%
Magic:  7/7        EV: 11    Int: 14    God:
Gold:   115        SH:  0    Dex: 10    Spells: 1/7 levels left

rFire   . . .        a - +1 trident
rCold   . . .        (no shield)
rNeg    . . .        w - +0 leather armour
rPois   .            c - +0 hat
rElec   .            (no cloak)
rCorr   .            (no gloves)
SInv    .            (no boots)
Will    .....        (no amulet)
Stlth   +            v - +6 ring of strength
HPRegen 0.25/turn    (no ring)
MPRegen 0.10/turn

%: no passive effects
@: weak-willed
A: no striking features
a: no special abilities


You were on level 3 of the Dungeon.
You visited 1 branch of the dungeon, and saw 3 of its levels.

You collected 115 gold pieces.

Inventory:

Hand Weapons
 a - a +1 trident (weapon)
 g - a +0 dagger
Armour
 c - a +0 hat (worn)
 w - a +0 leather armour (worn)
Magical Staves
 e - a staff of earth
 i - a staff of cold
Jewellery
 v - a +6 ring of strength (left hand)
Scrolls
 k - 2 scrolls of immolation
 m - a scroll of teleportation
 n - a scroll of enchant armour
 o - a scroll of enchant weapon
Potions
 b - a potion of mutation {unknown}
 d - a potion of magic
 f - a potion of attraction {unknown}
 j - a potion of curing
 l - a potion of cancellation {unknown}
 p - a potion of haste {unknown}
 r - a potion of heal wounds {unknown}
 t - a potion of brilliance {unknown}
 u - a potion of resistance {unknown}


   Skills:
 + Level 2.6 Polearms
 - Level 1.5 Dodging
 - Level 1.5 Stealth
 - Level 2.4 Spellcasting
 - Level 2.0 Conjurations
 + Level 3.2 Summonings
 - Level 0.7 Translocations


You had one spell level left.
You knew the following spells:

 Your Spells              Type           Power      Damage    Failure   Level
a - Magic Dart            Conj           28%        1d4       12%         1
b - Call Imp              Summ           20%        N/A       11%         2
c - Mephitic Cloud        Conj/Pois/Air  3%         N/A       52%         3

Your spell library contained the following spells:

 Spells                   Type           Power      Damage    Failure   Level
 Slow                     Hex            4%         N/A       26%         1
 Blink                    Tloc           6%         N/A       30%         2
 Cigotuvi's Dreadful Rot  Necr/Pois/Air  2%         N/A       38%         2


Dungeon Overview and Level Annotations

Branches:
Dungeon (3/15)

Altars:


Message History

The gnoll hits your cerulean imp with a +0 spear!
Your cerulean imp dies!
Your cerulean imp disappears in a puff of smoke!
You hear the slow rusting of a very distant drain.
A ball python comes into view.
You see here 7 gold pieces.
A quokka comes into view.
The quokka bites you.
* * * LOW HITPOINT WARNING * * *
As you read the scroll labelled IGYXTO COQA, it crumbles to dust.
It is a scroll of enchant weapon.
Your +0 trident glows red for a moment.
The quokka barely misses you.
As you read the scroll labelled ROOLAP POGEGOG, it crumbles to dust.
Magic quickly surges around you.
It was a scroll of vulnerability.
The gnoll barely misses you.
The quokka twitches its whiskers.
The quokka bites you but does no damage.
As you read the scroll labelled BEBYLUCSOU, it crumbles to dust.
It is a scroll of amnesia.
Okay, then.
The quokka bites you.
* * * LOW HITPOINT WARNING * * *
The gnoll barely misses you. The quokka barely misses you.
You feel better.
The gnoll hits you from afar with a +0 spear.
The quokka closely misses you.
You barely miss the quokka.
The gnoll hits you from afar with a +0 spear.
The quokka bites you but does no damage.
You puncture the quokka!
You kill the quokka!
The gnoll barely misses you.
The gnoll hits you from afar with a +0 spear.
* * * LOW HITPOINT WARNING * * *
The gnoll attacks as it pursues you!
The gnoll hits you from afar with a +0 spear.
* * * LOW HITPOINT WARNING * * *
The gnoll attacks as it pursues you!
The gnoll hits you from afar with a +0 spear.
You die...

.. . .## ### ..#
...## #.# ...# #.#
#..# #.# ####..#
#@# #.....# #.# #<#
#g# #.# #.# ##.##
#g# ##S..## #.#
#.....# #$# #.....#
#.#
#.#.....###.#######


You could see 2 gnolls.

Vanquished Creatures
  2 gnolls (D:2)
  2 adders (D:2)
  A dart slug (D:2)
  8 bats
  7 endoplasms
  A giant cockroach (D:1)
  5 hobgoblins
  A jackal (D:2)
  4 quokkas
  7 ball pythons
  2 frilled lizards
  8 goblins
  2 kobolds
  4 rats
54 creatures vanquished.

Vanquished Creatures (collateral kills)
  2 gnolls
2 creatures vanquished.

Grand Total: 56 creatures vanquished

Notes
Turn   | Place    | Note
-------+----------+-------------------------------------------
     0 | D:1      | lunatic the Hill Orc Hedge Wizard began the quest for the
                  | Orb.
     0 | D:1      | Reached XP level 1. HP: 14/14 MP: 3/3
   240 | D:1      | Reached XP level 2. HP: 18/20 MP: 0/5
   243 | D:1      | Learned a level 2 spell: Call Imp
   821 | D:1      | Reached skill level 2 in Summonings
   931 | D:1      | Reached XP level 3. HP: 21/26 MP: 6/6
  1238 | D:1      | Found a faded altar of an unknown god.
  1559 | D:2      | Reached skill level 1 in Polearms
  1773 | D:2      | Reached XP level 4. HP: 33/33 MP: 7/7
  2325 | D:2      | Reached skill level 3 in Summonings
  2470 | D:2      | Learned a level 3 spell: Mephitic Cloud
  2688 | D:3      | Slain by a gnoll

Illustrated notes

Levels and vault maps discovered:
D:1:      dpeg_arrival_oval, layout_basic, ebering_ecumenical_altar_petrified,
          chequers_jeans
D:2:      layout_basic, minmay_randomly_rotated_circles
D:3:      layout_loops_ring, nicolae_overflow_crystal_walls,
          gup_sewer_entry_pipe

Skill      XL: |  1  2  3  4 |
---------------+-------------+-----
Conjurations   | 2 |  2.0
Summonings     | 2 3 |  3.2
Polearms       | 1 2 |  2.6
Dodging        | |  1.5
Stealth        | |  1.5
Spellcasting   | |  2.4
Translocations | |  0.7

Action                     |  1- 3 |  4- 6 || total
---------------------------+-------+-------++-------
  Melee: Dagger            |    12 |       ||    12
         Trident           |    62 |    39 ||   101
   Cast: Magic Dart        |    72 |    13 ||    85
         Call Imp          |       |     5 ||     5
    Use: Potion            |     1 |     1 ||     2
         Scroll            |       |     6 ||     6
   Stab: Sleeping          |     1 |       ||     1
 Armour: Robe              |    44 |       ||    44
         Leather armour    |       |    37 ||    37
  Dodge: Dodged            |    56 |    22 ||    78

Table legend: (Time is in decaauts)
 A = Elapsed time spent in this place.
 B = Non-inter-level travel time spent in this place.
 C = Inter-level travel time spent in this place.
 D = Time resting spent in this place.
 E = Time spent auto-exploring this place.
 F = Levels seen in this place.
 G = Mean time per level.
                   A        B        C        D        E       F      G
               +--------+--------+--------+--------+--------+-----+--------+
         Total |   2711 |   2648 |     63 |      0 |   2119 |   3 |  903.7 |
       Dungeon |   2711 |   2648 |     63 |      0 |   2119 |   3 |  903.7 |
               +--------+--------+--------+--------+--------+-----+--------+

Top non-repeatable levels by time:
     D:1: 1475 daAuts
     D:2: 1109 daAuts
     D:3: 126 daAuts
